 Dungeon Crawl Stone Soup version 0.28-a0-511-gcc94558de3 (webtiles) character file.

Game seed: 6292705565630829139

201 Rennog the Skirmisher (level 5, 0/44 HPs)
             Began as a Demonspawn Fighter on Sept 22, 2021.
             Was a Believer of Cheibriados.
             Succumbed to a kobold's poison
             ... in a sewer.
             The game lasted 00:02:07 (2302 turns).

Rennog the Skirmisher (Demonspawn Fighter)          Turns: 2302, Time: 00:02:08

Health: 0/44       AC:  6    Str: 21    XL:     5   Next: 50%
Magic:  5/5        EV: 14    Int: 13    God:    Cheibriados [**....]
Gold:   90         SH:  5    Dex: 17    Spells: 4/4 levels left

rFire   . . .      SeeInvis .   a - +0 rapier
rCold   . . .      Faith    .   c - +0 buckler
rNeg    . . .      Spirit   .   b - +0 scale mail
rPois   .          Reflect  .   (helmet restricted)
rElec   .          Harm     .   (no cloak)
rCorr   .          Rampage  .   (no gloves)
Will    .....      Clarity  +   (no boots)
Stlth   ..........              (no amulet)
HPRegen 0.14/turn               j - +4 ring of evasion
MPRegen 0.09/turn               (no ring)

@: lethally poisoned (0 -> -10), flying, hasted, quick
A: horns 1, foul stench 1, fangs 1, clarity, deterioration 1
a: Renounce Religion, Bend Time


You were in a sewer.
You worshipped Cheibriados.
Cheibriados was pleased with you.
You visited 1 branch of the dungeon, and saw 3 of its levels.
You also visited: Sewer.

You collected 90 gold pieces.

Inventory:

Hand Weapons
 a - a +0 rapier (weapon)
Armour
 b - a +0 scale mail (worn)
 c - a +0 buckler (worn)
Jewellery
 j - a +4 ring of evasion (left hand)
Scrolls
 e - 3 scrolls of identify {unknown}
 f - a scroll of fear {unknown}
 g - a scroll of amnesia {unknown}
 i - a scroll of torment {unknown}
 l - a scroll of immolation {unknown}


   Skills:
 * Level 5.4 Fighting
 - Level 1.7 Short Blades
 - Level 2.6 Armour
 + Level 2.5 Dodging
 - Level 2.6 Shields


You had 4 spell levels left.
You didn't know any spells.
Your spell library was empty.

Dungeon Overview and Level Annotations

Branches:
Dungeon (3/15)              Sewer (1/1)

Altars:
Cheibriados


Innate Abilities, Weirdness & Mutations

You have a pair of small horns on your head.
You may rarely emit foul miasma when damaged in melee.
You have very sharp teeth.
You possess an exceptional clarity of mind.
Your body sometimes deteriorates upon taking damage.


Message History

You have reached level 5!
You impale the kobold brigand!!
You kill the kobold brigand!
Cheibriados appreciates the change of pace.
You hear a splash. x2
* * * LOW HITPOINT WARNING * * *
You feel sick.
The kobold throws a stone.
You block the stone. The kobold hits you but does no damage.
It was a potion of cancellation.
Your magical effects are unravelling.
You feel magically purged.
You feel a little less mighty now.
* * * LOW HITPOINT WARNING * * *
You feel sick. The kobold hits you but does no damage.
It was a potion of flight.
You feel very buoyant.
You fly up into the air.
* * * LOW HITPOINT WARNING * * *
You feel sick. You block the kobold's attack. The kobold closely misses you.
It was a potion of mutation.
You feel extremely strange.
You feel yourself wasting away.
Your thoughts seem clearer.
Your teeth lengthen and sharpen.
* * * LOW HITPOINT WARNING * * *
You feel sick. The kobold closely misses you. The kobold barely misses you.
It was a potion of haste.
You feel yourself speed up.
Cheibriados forgives your accidental hurry, just this once.
* * * LOW HITPOINT WARNING * * *
You feel sick. The kobold misses you. The kobold hits you but does no damage.
You barely miss the kobold. Your headbutt misses the kobold.
The kobold closely misses you. You block the kobold's attack.
* * * LOW HITPOINT WARNING * * *
You feel sick. You block the kobold's attack.
There is a large open door here.
Things that are here:
a +1 dagger of venom; a +0 hand crossbow; 9 bolts
* * * LOW HITPOINT WARNING * * *
You feel sick. The kobold closely misses you.
The kobold throws a poisoned dart.
The poisoned dart hits you!
You are more poisoned.
You die...

######
#.!..#
#.∩.@#
#.!..#
#.?K.#
##K)##
#≈)..###
#≈≈≈...#
#≈.≈...##
#.....P.#
#≈......#


You could see 2 kobolds.

Vanquished Creatures
  2 kobold brigands (Sewer)
  2 adders (D:2)
  3 worms (D:3)
  A dart slug (D:1)
  2 bats
  4 endoplasms
  2 giant cockroaches (D:1)
  4 hobgoblins
  3 kobolds (Sewer)
  2 quokkas
  9 ball pythons
  5 frilled lizards
  3 goblins
  2 rats (D:2)
44 creatures vanquished.

Vanquished Creatures (others)
  A plant (Sewer)
1 creature vanquished.

Grand Total: 45 creatures vanquished

Notes
Turn   | Place    | Note
-------+----------+-------------------------------------------
     0 | D:1      | Rennog the Demonspawn Fighter began the quest for the Orb.
     0 | D:1      | Reached XP level 1. HP: 18/18 MP: 1/1
   232 | D:1      | Gained mutation: You may rarely emit foul miasma when
                  | damaged in melee. [demonic ancestry]
   232 | D:1      | Reached XP level 2. HP: 24/24 MP: 2/2
   375 | D:1      | Found a faded altar of an unknown god.
   676 | D:1      | Reached skill level 1 in Dodging
   981 | D:1      | Became a worshipper of Cheibriados the Contemplative
   981 | D:1      | Reached * piety under Cheibriados
  1169 | D:2      | Gained mutation: You have a pair of small horns on your
                  | head. [demonic ancestry]
  1169 | D:2      | Reached XP level 3. HP: 17/30 MP: 3/3
  1431 | D:2      | Reached skill level 4 in Fighting
  2082 | D:3      | Found a glowing drain.
  2104 | D:3      | Reached ** piety under Cheibriados
  2111 | Sewer    | Entered a sewer
  2227 | Sewer    | Reached XP level 4. HP: 34/38 MP: 4/4
  2281 | Sewer    | Noticed a kobold brigand
  2281 | Sewer    | Noticed a kobold brigand
  2292 | Sewer    | Killed a kobold brigand
  2293 | Sewer    | Reached skill level 5 in Fighting
  2293 | Sewer    | Reached XP level 5. HP: 10/44 MP: 5/5
  2296 | Sewer    | Gained mutation: Your body sometimes deteriorates upon
                  | taking damage. [potion of mutation]
  2296 | Sewer    | Gained mutation: You possess an exceptional clarity of
                  | mind. [potion of mutation]
  2296 | Sewer    | Gained mutation: You have very sharp teeth. [potion of
                  | mutation]
  2300 | Sewer    | HP: 2/44 [poisoned by a kobold brigand]
  2302 | Sewer    | Succumbed to a kobold's poison

Illustrated notes

Levels and vault maps discovered:
D:1:      amcnicky_arrival_choice, layout_loops_ring,
          shapermc_ecumenical_altar_venn, minmay_small_reverse_x
D:2:      layout_loops_corners
D:3:      layout_rooms, cheibrodos_sewer_entry_sluice, serial_shops,
          nicolae_shop_overgrown_old_shop
Sewer:    kennysheep_pipe_town

Skill      XL: |  1  2  3  4 |
---------------+-------------+-----
Dodging        | 1 2 |  2.5
Fighting       | 4 5 |  5.4
Short Blades   | |  1.7
Armour         | |  2.6
Shields        | |  2.6

Action                   |  1- 3 |  4- 6 || total
-------------------------+-------+-------++-------
Melee: Rapier            |   112 |    11 ||   123
       Headbutt          |    10 |     3 ||    13
  Use: Potion            |       |     6 ||     6
Armor: Scale mail        |    51 |    10 ||    61
Dodge: Dodged            |    57 |    14 ||    71
Block: Buckler           |    27 |     6 ||    33

Table legend: (Time is in decaauts)
 A = Elapsed time spent in this place.
 B = Non-inter-level travel time spent in this place.
 C = Inter-level travel time spent in this place.
 D = Time resting spent in this place.
 E = Time spent auto-exploring this place.
 F = Levels seen in this place.
 G = Mean time per level.
                   A        B        C        D        E       F      G
               +--------+--------+--------+--------+--------+-----+--------+
         Total |   2682 |   2531 |    151 |      0 |   2254 |   4 |  670.5 |
       Dungeon |   2454 |   2303 |    151 |      0 |   2080 |   3 |  818.0 |
         Sewer |    228 |    228 |      0 |      0 |    173 |   1 |  228.0 |
               +--------+--------+--------+--------+--------+-----+--------+

Top non-repeatable levels by time:
     D:2: 1401 daAuts
     D:1: 1005 daAuts
   Sewer: 228 daAuts
     D:3: 48 daAuts
